 Dungeon Sprint DCSS version 0.30.1-9-gdf580d7c3d (webtiles) character file.

Game seed: 1211362484202036992

13728 Heoruswealwe the Phalangite (level 11, -14/119 HPs)
             Began as a Minotaur Fighter on Oct 12, 2023.
             Was an Initiate of Gozag.
             Demolished by an orc knight
             ... wielding a +0 broad axe
              (27 damage)
             ... in the Dungeon (Sprint IX: "|||||||||||||||||||||||||||||").
             The game lasted 00:12:46 (1883 turns).

Heoruswealwe the Phalangite (Minotaur Fighter)      Turns: 1883, Time: 00:12:47

Health: -14/119    AC: 28    Str: 26    XL:     11   Next: 79%
Magic:  10/10      EV:  8    Int:  5    God:    Gozag
Gold:   7490       SH:  0    Dex:  9    Spells: 10/10 levels left

rFire   . . .        b - +2 halberd (protect)
rCold   . . .        (shield currently unavailable)
rNeg    . . .        c - +0 plate armour
rPois   .            (helmet restricted)
rElec   .            h - +0 cloak
rCorr   .            (no gloves)
SInv    .            e - +0 pair of boots
Will    .....        (no amulet) Stlth
                     (no ring)
HPRegen 0.39/turn    (no ring)
MPRegen 0.12/turn

%: no teleportation
@: under a protective aura, studying Long Blades
A: horns 2, retaliatory headbutt
a: Renounce Religion, Potion Petition, Call Merchant, Bribe Branch


You were in the Dungeon.
You worshipped Gozag.
Gozag was greatly pleased with you.
You visited 1 branch You collected 7490 gold pieces.

Inventory:

Hand Weapons
 a - a +0 trident
 b - a +2 halberd of protection (weapon)
 o - a +0 glaive
Armour
 c - a +0 plate armour (worn)
 d - a +0 buckler
 e - a +0 pair of boots (worn)
 h - a +0 cloak (worn)
Wands
 n - a wand of iceblast (10)
Scrolls
 j - 2 scrolls of blinking
 m - 4 scrolls of enchant weapon
Potions
 g - a potion of haste
 i - 2 potions of curing
 k - a potion of might
 l - 2 potions of mutation


   Skills:
 + Level 18.1 Fighting
 * Level 24.3 Polearms
 + Level 18.1 Armour
 - Level 3.6 Shields


You had 10 spell levels left.
You didn't know any spells.
Your spell library was empty.

Dungeon Overview and Level Annotations

Branches:
Dungeon (1/1)

Altars:
Cheibriados
Dithmenos
Elyvilon
Fedhas
Gozag
Hepliaklqana
Kikubaaqudgha
Makhleb
Nemelex Xobeh
Okawaru
Qazlal
Ru
Sif Muna
Trog
Uskayaw
Vehumet
Wu Jian
Xom
Yredelemnul
Zin
The Shining One
Jiyva
Lugonu

Shops:
D :*[(


Innate Abilities, Weirdness & Mutations

You have a pair of horns on your head.
You reflexively headbutt those who attack you in melee.


Message History

An orc knight comes into view. It is wielding a +1 battleaxe.
Found 50 gold pieces.
The orc knight shouts!
There is an entrance to Moubowuk's Antique Armour Shop here.
The orc knight shoots a bolt.
The bolt hits you but does no damage.
The orc knight shoots a bolt.
The bolt hits you but does no damage.
There is an entrance to Kapsoblu's Weapon Boutique here.
There is an open door to Orc:2, spattered with blood here.
Items here: )))))))))) [[[[[[[[[.
Items here: ))) [[[.
The orc knight roars a battlecry!
The orc knight goes into a battle-frenzy!
The orc knight shoots a bolt.
The bolt hits you.
The orc knight roars a battlecry!
The orc knight goes into a battle-frenzy!
The orc knight shoots a bolt.
The bolt hits you.
The orc knight shoots a bolt.
The bolt hits you!
The orc knight shoots a bolt.
The bolt hits you but does no damage.
The orc knight unwields a +0 arbalest.
The orc knight wields a +0 broad axe.
The orc knight hits you with a +0 broad axe!
You impale the orc knight!!
Your weapon exudes an aura of protection.
The orc knight is moderately wounded.
The orc knight hits you with a +0 broad axe!!
* * * LOW HITPOINT WARNING * * *
You feel better.
The orc knight hits you with a +0 broad axe!
* * * LOW HITPOINT WARNING * * *
You feel better.
The orc knight hits you with a +0 broad axe!
* * * LOW HITPOINT WARNING * * *
You feel better. The orc knight barely misses you.
You barely miss the orc knight. You headbutt the orc knight!
The orc knight is heavily wounded.
You puncture the orc knight!
Your weapon exudes an aura of protection.
The orc knight is severely wounded.
The orc knight hits you with a +0 broad axe!!
You die...
Your body crumbles into a pile of gold.

▓[▓.▓.▓.▓.▓
▓[▓.▓.▓.▓∩▓
▓[▓.▓.▓.▓.▓
▓)▓.▓.▓.▓.▓
▓?▓.▓.▓.▓.▓
▓!▓.▓.▓.▓.▓
▓'▓.▓'▓.▓o▓
▓_▓.▓.▓.▓o▓
▓_▓.▓.▓.▓@▓
▓_▓.▓.▓.▓.▓
▓_▓.▓.▓.▓.▓
▓_▓.▓.▓.▓.▓
▓_▓.▓.▓.▓.▓
▓_▓.▓.▓.▓.▓
▓_▓.▓.▓.▓)▓
▓_▓.▓.▓.▓)▓
▓_▓.▓'▓.▓.▓


You could see 2 orc knights.

Vanquished Creatures
  A hydra (D)
  2 centaur warriors (D)
  A two-headed ogre (D)
  A skyshark (D)
  A deep elf pyromancer (D)
  9 orc knights (D)
  2 orc sorcerers (D)
  A black mamba (D)
  An elephant (D)
  A cane toad (D)
  A rime drake (D)
  2 komodo dragons (D)
  A blink frog (D)
  2 wyverns (D)
  2 yaks (D)
  A steam dragon (D)
  Eustachio (D)
  2 vampire mosquitoes (D)
  A warg (D)
  3 water moccasins (D)
  2 hell hounds (D)
  11 orc warriors (D)
  An ogre (D)
  2 centaurs (D)
  6 wolves (D)
  2 bullfrogs (D)
  A killer bee (D)
  5 orc priests (D)
  4 orc wizards (D)
  An adder (D)
  2 ufetubi (D)
  5 orcs (D)
  An endoplasm (D)
  A ball python (D)
  A goblin (D)
  A kobold (D)
  A rat (D)
83 creatures vanquished.

Notes
Turn   | Place    | Note
-------+----------+-------------------------------------------
     0 | D        | Heoruswealwe the Minotaur Fighter began the quest for the
                  | Orb.
     0 | D        | Reached XP level 1. HP: 19/19 MP: 0/0
     7 | D        | Reached skill level 3 in Polearms
    20 | D        | Noticed an ogre
    26 | D        | Killed an ogre
    27 | D        | Reached skill level 7 in Polearms
    27 | D        | Reached XP level 2. HP: 13/30 MP: 1/1
    27 | D        | Reached XP level 3. HP: 16/37 MP: 2/2
    27 | D        | Reached XP level 4. HP: 19/44 MP: 3/3
    35 | D        | Reached skill level 8 in Polearms
    43 | D        | Found a snail-covered altar of Cheibriados.
    43 | D        | Found a shadowy altar of Dithmenos.
    43 | D        | Found a white marble altar of Elyvilon.
    43 | D        | Found a blossoming altar of Fedhas.
    43 | D        | Found an opulent altar of Gozag.
    44 | D        | Found a hazy altar of Hepliaklqana.
    45 | D        | Found a viscous altar of Jiyva.
    46 | D        | Found an ancient bone altar of Kikubaaqudgha.
    47 | D        | Found a corrupted altar of Lugonu.
    48 | D        | Found a burning altar of Makhleb.
    49 | D        | Found a sparkling altar of Nemelex Xobeh.
    50 | D        | Found an iron altar of Okawaru.
    51 | D        | Became a worshipper of Gozag Ym Sagoz the Greedy
    52 | D        | Found a stormy altar of Qazlal.
    53 | D        | Found a sacrificial altar of Ru.
    54 | D        | Found a shimmering blue altar of Sif Muna.
    55 | D        | Found a bloodstained altar of Trog.
    56 | D        | Found a hide-covered altar of Uskayaw.
    57 | D        | Found a radiant altar of Vehumet.
    58 | D        | Found an ornate altar of the Wu Jian Council.
    59 | D        | Found a shimmering altar of Xom.
    60 | D        | Found a basalt altar of Yredelemnul.
    61 | D        | Found a glowing silver altar of Zin.
    62 | D        | Found a glowing golden altar of the Shining One.
   155 | D        | Noticed an orc warrior
   155 | D        | Noticed a vampire mosquito
   155 | D        | Noticed a centaur
   155 | D        | Noticed a wyvern
   155 | D        | Noticed a yak
   163 | D        | Killed a yak
   164 | D        | Reached skill level 10 in Polearms
   164 | D        | Reached XP level 5. HP: 35/53 MP: 4/4
   167 | D        | Reached skill level 11 in Polearms
   167 | D        | Reached XP level 6. HP: 41/62 MP: 5/5
   170 | D        | Killed a wyvern
   171 | D        | Reached skill level 12 in Polearms
   175 | D        | Reached XP level 7. HP: 29/71 MP: 6/6
   177 | D        | Killed a vampire mosquito
   178 | D        | Reached skill level 10 in Fighting
   178 | D        | Reached skill level 13 in Polearms
   178 | D        | Reached skill level 10 in Armour
   324 | D        | Noticed a centaur warrior
   324 | D        | Noticed a centaur warrior
   324 | D        | Noticed a two-headed ogre
   324 | D        | Noticed a vampire mosquito
   324 | D        | Noticed a deep elf pyromancer
   329 | D        | Killed a deep elf pyromancer
   330 | D        | Reached skill level 15 in Polearms
   330 | D        | Reached XP level 8. HP: 80/82 MP: 7/7
   340 | D        | Killed a two-headed ogre
   341 | D        | Reached skill level 16 in Polearms
   344 | D        | Killed a centaur warrior
   345 | D        | Reached skill level 17 in Polearms
   345 | D        | Reached XP level 9. HP: 35/93 MP: 8/8
   354 | D        | Killed a centaur warrior
   355 | D        | Reached skill level 18 in Polearms
   672 | D        | Noticed a rime drake
   672 | D        | Noticed a black mamba
   672 | D        | Noticed a komodo dragon
   672 | D        | Noticed a komodo dragon
   689 | D        | Killed a komodo dragon
   690 | D        | Reached skill level 19 in Polearms
   696 | D        | Killed a komodo dragon
   702 | D        | Killed a black mamba
   703 | D        | Reached XP level 10. HP: 69/104 MP: 9/9
   714 | D        | Noticed a skyshark
   723 | D        | Killed a skyshark
   724 | D        | Reached skill level 15 in Fighting
   724 | D        | Reached skill level 20 in Polearms
   724 | D        | Reached skill level 15 in Armour
   862 | D        | Noticed an eight-headed hydra
   862 | D        | Noticed an elephant
   865 | D        | Noticed a cane toad
   880 | D        | Killed an elephant
   891 | D        | Killed a 15-headed hydra
   892 | D        | Reached skill level 21 in Polearms
   895 | D        | Killed a cane toad
  1077 | D        | Reached XP level 11. HP: 93/114 MP: 10/10
  1197 | D        | Noticed Eustachio
  1205 | D        | Killed Eustachio
  1206 | D        | Reached skill level 22 in Polearms
  1481 | D        | Noticed an orc knight
  1481 | D        | Noticed an orc knight
  1481 | D        | Noticed an orc sorcerer
  1487 | D        | Killed an orc sorcerer
  1495 | D        | Killed an orc knight
  1503 | D        | Noticed an orc sorcerer
  1505 | D        | Killed an orc knight
  1507 | D        | Noticed an orc knight
  1523 | D        | Killed an orc sorcerer
  1526 | D        | Reached skill level 23 in Polearms
  1538 | D        | Killed an orc knight
  1775 | D        | Found Kapsoblu's Weapon Boutique.
  1775 | D        | Noticed an orc knight
  1775 | D        | Noticed an orc knight
  1775 | D        | Noticed an orc knight
  1777 | D        | Noticed an orc knight
  1781 | D        | Killed an orc knight
  1788 | D        | Killed an orc knight
  1790 | D        | Noticed an orc knight
  1805 | D        | Killed an orc knight
  1811 | D        | Killed an orc knight
  1817 | D        | Killed an orc knight
  1818 | D        | Reached skill level 24 in Polearms
  1821 | D        | Noticed an orc knight
  1839 | D        | Killed an orc knight
  1844 | D        | Found Moubowuk's Antique Armour Shop.
  1848 | D        | Found Myzolal's General Store.
  1852 | D        | Found Kekkon's Book Shop.
  1855 | D        | Noticed an orc knight
  1856 | D        | Noticed an orc knight
  1880 | D        | HP: 2/119 [orc knight/+0 broad axe (11)]
  1883 | D        | Demolished by an orc knight

Illustrated notes

Levels and vault maps discovered:
D:        linesprint [early_d, line_temple, items_1, d_10, items_2, lair_1,
          lair_end, items_3, orc_1, orc_end, items_4, d_15, swamp_1, shoals_1,
          snake_1, spider_1, d_20, vaults_1, items_5, swamp_end, shoals_end,
          snake_end, spider_end, vaults_end, d_27, items_6, zot_1, zot_end,
          crypt_end, forest_end, elf_end, slime_end, tomb_end, abyss_end,
          pan_hell_end]

Skill      XL: |  1  2  3  4  5  6  7  8  9 10 11 |
---------------+----------------------------------+-----
Polearms       | 7 10 11 12 15 17 19 21 24 | 24.3
Fighting       | 6 8 9 11 13 14 16 18 | 18.1
Armour         | 6 8 9 11 13 14 16 18 | 18.1
Shields        | |  3.6

Action                     |  1- 3 |  4- 6 |  7- 9 | 10-12 || total
---------------------------+-------+-------+-------+-------++-------
  Melee: Trident           |    14 |    10 |       |       ||    24
         Headbutt          |     2 |     6 |     9 |    46 ||    63
         Halberd           |       |    19 |    65 |   233 ||   317
    Use: Potion            |       |       |       |    13 ||    13
   Stab: Distracted        |       |       |     2 |     3 ||     5
 Armour: Scale mail        |     2 |     3 |       |       ||     5
         Chain mail        |       |    11 |       |       ||    11
         Plate armour      |       |       |    24 |    95 ||   119
  Dodge: Dodged            |     4 |     9 |    15 |    47 ||    75
  Block: Buckler           |     2 |     5 |       |       ||     7
